AoeStats
← VIT Liereyy

Arabian Desert

508853789Analyzed
1v1 RM · 7d ago on Sep 24, 2026· 19m 16s· 2 players
Game mode
Random Map
Map size
Tiny (2 player)
Population
200
Speed
Normal
Resources
Standard
Victory
Conquest
Starting age
Dark Age
Ending age
Imperial Age
RankedLock teamsTeams togetherTeam positionsShared explorationLock speedFull tech treeHidden civsTurbo modeCheats
Victory
Defeat
🇦🇹 Danes · Austria
2915
+2
🇩🇪 Saxons · Germany
2479
-2
NOC | Mati
5:25 Loom
8:38 Feudal Age
8:59 Man-at-Arms
15:37 Fletching
VIT Liereyy
6:30 Loom
8:47 Feudal Age
8:52 Man-at-Arms
9:18 Double-Bit Axe
10:38 Arson
19:04 Castle Age
17:26 Scale Mail Armor
17:18 Horse Collar
20:00 Chain Mail Armor
19:57 Bow Saw
Connection lost

Rejoining the realm…

Still unreachable

The connection could not be restored.

Session expired

The server has moved on; the page needs a fresh start.